 Dungeon Crawl Stone Soup version 0.13-a0-1693-g8ac13c1 (console) character file.

315 Kellhus the Cudgeler (level 5, 0/39 HPs)
             Began as a Mummy Chaos Knight on June 20, 2013.
             Was a Plaything of Xom.
             Slain by an adder (3 damage)
             ... on Level 3 of the Dungeon.
             The game lasted 00:02:28 (2442 turns).

Kellhus the Cudgeler (Mummy Chaos Knight)           Turns: 2442, Time: 00:02:29

HP   0/39        AC  5     Str 16      XL: 5   Next: 40%
MP   5/5         EV 10     Int 11      God: Xom
Gold 126         SH  0     Dex 11      Spells:  0 memorised,  4 levels left

Res.Fire  : x . .   See Invis. : .   a - +0 mace (chaos)
Res.Cold  : + . .   Warding    : .   b - +2 leather armour
Life Prot.: + + +   Conserve   : .   (no shield)
Res.Poison: +       Res.Corr.  : .   (no helmet)
Res.Elec. : .       Clarity    : .   (no cloak)
Sust.Abil.: . .     Spirit.Shd : .   (no gloves)
Res.Mut.  : .       Stasis     : .   (no boots)
Res.Rott. : +       Flight     : .   (no amulet)
Saprovore : . . .                    (no ring)
                                     (no ring)

@: slightly resistant to hostile enchantments, very unstealthy
A: no food or potions, fire vulnerability, restore body, cold resistance 1, life
protection 3, poison resistance, torment resistance, unbreathing
a: Renounce Religion


You were on level 3 of the Dungeon.
You worshipped Xom.
You were a toy of Xom.
You were not hungry.

You visited 1 branch of the dungeon, and saw 3 of its levels.

You collected 106 gold pieces.

Inventory:

Hand weapons
 a - a +0,+0 mace of chaos (weapon)
 c - a +3,+1 elven dagger of draining (quivered)
Armour
 b - a +2 leather armour (worn)
Magical devices
 i - a wand of frost (13) {unknown}
Scrolls
 d - 3 scrolls of identify {unknown}
 e - a scroll of enchant weapon I {unknown}
 f - a scroll of teleportation {unknown}
 g - 3 scrolls of remove curse {unknown}
 j - a scroll of random uselessness {unknown}
 k - a scroll of blinking {unknown}
 l - a scroll of enchant armour {unknown}
 m - a scroll of amnesia {unknown}
Jewellery
 h - an uncursed ring of flight {unknown}


   Skills:
 - Level 3.0 Fighting
 + Level 5.1 Maces & Flails
 - Level 1.5 Armour
 - Level 0.7 Dodging


You had 4 spell levels left.
You didn't know any spells.

Dungeon Overview and Level Annotations

Branches:
Dungeon (3/27)

Altars:
Cheibriados
Makhleb


Innate Abilities, Weirdness & Mutations

You do not eat or drink.
Your flesh is vulnerable to fire.
Your flesh is cold resistant.
You are immune to negative energy.
Your system is resistant to poisons.
You are immune to unholy pain and torment.
You can survive without breathing.


Message History

You closely miss it. It bites you. It bites you.
* * * LOW HITPOINT WARNING * * *
You barely miss it. It bites you but does no damage.
You miss it. It bites you but does no damage. It bites you but does no damage.
You miss it. It bites you.
* * * LOW HITPOINT WARNING * * *
You closely miss it. It bites you but does no damage.
It bites you but does no damage.
Your leather armour prevents you from hitting it.
It bites you.
* * * LOW HITPOINT WARNING * * *
You completely miss it. It bites you but does no damage. It bites you.
* * * LOW HITPOINT WARNING * * *
You hit it. It bites you.
* * * LOW HITPOINT WARNING * * *
You barely miss it. It bites you but does no damage.
It bites you but does no damage.
You hit it. It bites you.
You die...
Xom yawns loudly!

# #.
#..######
#.o.@..<#
......#######
###


You could see an orc.

Vanquished Creatures
  A war dog (shapeshifter) (D:1)
  3 adders
  A giant mite (D:1)
  2 giant geckos (D:1)
  A ball python (D:1)
  3 giant cockroaches
  7 goblins
  5 hobgoblins
  3 jackals (D:2)
  5 giant newts
  10 kobolds
  4 rats
45 creatures vanquished.

Vanquished Creatures (others)
  A goblin (D:1)
  A rat (D:2)
2 creatures vanquished.

Grand Total: 47 creatures vanquished

Notes
Turn   | Place    | Note
--------------------------------------------------------------
     0 | D:1      | Kellhus, the Mummy Chaos Knight, began the quest for the Orb.
     0 | D:1      | Reached XP level 1. HP: 16/16 MP: 1/1
   143 | D:1      | XOM: harmless Erth miscast
   204 | D:1      | XOM: divination: detect creatures
   234 | D:1      | Reached XP level 2. HP: 11/22 MP: 2/2
   469 | D:1      | XOM: divination: detect creatures
   943 | D:1      | Found a burning altar of Makhleb.
  1162 | D:1      | Reached XP level 3. HP: 28/28 MP: 3/3
  1219 | D:2      | Noticed Ijyb
  1402 | D:1      | Noticed Ijyb
  1402 | D:1      | Ijyb changed into Ijyb the war dog
  1405 | D:1      | XOM: divination: detect creatures
  1408 | D:1      | Killed Ijyb the war dog
  1408 | D:1      | Reached skill level 4 in Maces & Flails
  1408 | D:1      | Reached XP level 4. HP: 6/34 MP: 4/4
  1408 | D:1      | Reached XP level 5. HP: 6/39 MP: 5/5
  1903 | D:2      | Reached skill level 5 in Maces & Flails
  2322 | D:2      | Found a snail-covered altar of Cheibriados.
  2442 | D:3      | Slain by an adder

Action                   |  1- 3 |  4- 6 || total
-------------------------+-------+-------++-------
Melee: Mace              |    92 |    82 ||   174
